 Dungeon Crawl Stone Soup version 0.22.1-6-g1668fe2c40 (webtiles) character file.

827 McIrco the Shield-Bearer (level 7, 0/55 HPs)
             Began as a Demonspawn Fighter on Jan 18, 2019.
             Was a Believer of Okawaru.
             Slain by an ogre
             ... wielding a +0 giant club
              (8 damage)
             ... on level 5 of the Dungeon.
             The game lasted 00:07:17 (4075 turns).

McIrco the Shield-Bearer (Demonspawn Fighter)       Turns: 4075, Time: 00:07:18

Health: 0/55       AC: 10    Str: 16    XL:     7   Next: 64%
Magic:  7/7        EV:  9    Int: 10    God:    Okawaru [**....]
Gold:   550        SH: 10    Dex: 14    Spells: 6/6 levels left

rFire    + . .     SeeInvis .   a - +0 long sword
rCold    . . .     Gourm    .   c - +0 shield
rNeg     + . .     Faith    .   b - +0 scale mail
rPois    .         Spirit   .   (no helmet)
rElec    .         Reflect  .   m - +0 cloak
rCorr    .         Harm     .   (no gloves)
MR       .....                  (no boots)
Stlth    ..........             (no amulet)
HPRegen  0.18/turn              t - ring of positive energy
MPRegen  0.10/turn              (no ring)

@: no status effects
A: hooves 1, iridescent scales 1, fire resistance 1, flame cloud immunity
a: Heroism, Renounce Religion


You were on level 5 of the Dungeon.
You worshipped Okawaru.
Okawaru was pleased with you.
You were hungry.

You visited 1 branch of the dungeon, and saw 5 of its levels.
You also visited: Ossuary.

You collected 550 gold pieces.

Inventory:

Hand Weapons
 a - a +0 long sword (weapon)
Armour
 b - a +0 scale mail (worn)
 c - a +0 shield (worn)
 m - a +0 cloak (worn)
Jewellery
 t - a ring of positive energy (left hand)
Wands
 s - a wand of flame (35)
Scrolls
 g - a scroll of noise
 j - a scroll of blinking
 p - 2 scrolls of teleportation
Potions
 d - 3 potions of might
 e - 5 potions of heal wounds {unknown}
 h - 4 potions of berserk rage {unknown}
 i - 3 potions of agility {unknown}
 k - 3 potions of lignification {unknown}
 l - a potion of invisibility {unknown}
 n - a potion of magic {unknown}
 o - 2 potions of flight {unknown}
 q - 2 potions of curing {unknown}
 r - a potion of resistance
 u - a potion of haste {unknown}
Comestibles
 f - 8 rations


   Skills:
 + Level 4.7 Fighting
 - Level 1.7 Long Blades
 + Level 4.6 Armour
 + Level 3.0 Dodging
 + Level 5.6 Shields


You had 6 spell levels left.
You didn't know any spells.
Your spell library contained the following spells:

 Spells                   Type           Power        Failure   Level  Hunger
 Corona                   Hex            #......      99%         1    ##.....
 Ensorcelled Hibernation  Hex/Ice        #.....       100%        2    ###....
 Confuse                  Hex            #.......     100%        3    ####...
 Dazzling Spray           Conj/Hex       #.....       100%        3    ####...
 Static Discharge         Conj/Air       #.......     100%        3    ####...
 Tukima's Dance           Hex            #.......     100%        3    ####...
 Lightning Bolt           Conj/Air       #.........   100%        5    ######.
 Ignition                 Fire           #.........   100%        8    #######
 Shatter                  Erth           #.........   100%        9    #######
 Tornado                  Air            #.........   100%        9    #######


Dungeon Overview and Level Annotations

Branches:
Dungeon (5/15)
 Temple: D:4-7

Altars:
Cheibriados
Nemelex Xobeh
Okawaru
Trog


Innate Abilities, Weirdness & Mutations

You have large cloven feet.
You are partially covered in iridescent scales. (AC +2)
Your flesh is heat resistant. (rF+)
You are immune to clouds of flame.


Message History

The worker ant twitches its antennae in your direction.
The ogre hits you with a giant club!
You hit the ogre.
The ogre is lightly wounded.
You block the ogre's attack.
You hit the ogre. You kick the ogre.
The ogre is heavily wounded.
The ogre hits you with a giant club!!
You are too injured to fight recklessly!
You are too injured to fight recklessly!
You are too injured to fight recklessly!
You are too injured to fight recklessly!
You barely miss the ogre.
The ogre is heavily wounded.
The ogre hits you with a giant club!!
* * * LOW HITPOINT WARNING * * *
You hit the ogre.
The ogre is heavily wounded.
The ogre hits you with a giant club!
You die...

#########
#......>#####
#.###..^....#
#.###...#...######
#.##...###.......#
#.##....#...####.#
#.#...#...#.# #.#
....#.......# #@#
###...####### #O#
.....## #a# ####.#
#.# .....# #.#
..##.. #.# <.# ..
#.# ..... #.#
......


You could see an ogre and a worker ant.

Vanquished Creatures
  2 eyes of draining (D:3)
  An ogre (D:4)
  A scorpion (D:4)
  A centaur zombie (Ossuary)
  2 orc priests
  A hound (D:4)
  2 orc wizards
  2 worker ants
  3 big kobold zombies (Ossuary)
  A hound zombie (D:2)
  2 mummies (Ossuary)
  10 adders
  An ooze (D:4)
  5 worms
  2 dart slugs
  2 leopard geckos
  9 orcs
  6 giant cockroaches
  2 gnoll zombies (Ossuary)
  4 hobgoblins
  4 jackals
  9 kobolds
  3 quokkas
  7 bats
  6 frilled lizards
  10 goblins
  2 goblin zombies (Ossuary)
  3 hobgoblin zombies (Ossuary)
  3 orc zombies (Ossuary)
  8 rats
114 creatures vanquished.

Notes
Turn   | Place    | Note
-------+----------+-------------------------------------------
     0 | D:1      | McIrco the Demonspawn Fighter began the quest for the Orb.
     0 | D:1      | Reached XP level 1. HP: 18/18 MP: 1/1
   109 | D:1      | Gained mutation: You are partially covered in iridescent
                  | scales. (AC +2) [demonic ancestry]
   109 | D:1      | Reached XP level 2. HP: 19/24 MP: 2/2
   190 | D:1      | Reached skill level 3 in Shields
   766 | D:2      | Gained mutation: Your flesh is heat resistant. (rF+)
                  | [demonic ancestry]
   766 | D:2      | Reached XP level 3. HP: 15/29 MP: 3/3
  1093 | D:2      | Found a snail-covered altar of Cheibriados.
  1100 | D:2      | Reached XP level 4. HP: 19/35 MP: 4/4
  1182 | D:2      | Reached skill level 1 in Dodging
  1551 | D:3      | Found an iron altar of Okawaru.
  1568 | D:3      | Became a worshipper of Warmaster Okawaru
  1597 | D:3      | Reached skill level 4 in Shields
  1597 | D:3      | Gained mutation: You are immune to clouds of flame.
                  | [demonic ancestry]
  1597 | D:3      | Reached XP level 5. HP: 26/41 MP: 5/5
  1692 | D:3      | Noticed an eye of draining
  1693 | D:3      | Found a bloodstained altar of Trog.
  1693 | D:3      | Noticed an eye of draining
  1722 | D:3      | Killed an eye of draining
  1734 | D:3      | Killed an eye of draining
  1734 | D:3      | Reached * piety under Okawaru
  1734 | D:3      | Reached XP level 6. HP: 38/48 MP: 0/6
  2546 | D:4      | Reached skill level 5 in Shields
  2630 | D:4      | Gained mutation: You have large cloven feet. [demonic
                  | ancestry]
  2630 | D:4      | Reached XP level 7. HP: 28/55 MP: 7/7
  2884 | D:4      | Found a sand-covered staircase.
  2892 | Ossuary  | Entered an ossuary
  3345 | D:4      | Reached ** piety under Okawaru
  4012 | D:5      | Entered Level 5 of the Dungeon
  4014 | D:5      | Found a sparkling altar of Nemelex Xobeh.
  4075 | D:5      | Slain by an ogre

Skill      XL: |  1  2  3  4  5  6  7 |
---------------+----------------------+-----
Armour         | 3 4 |  4.6
Shields        | 3 4 5 |  5.6
Dodging        | 1 2 3 |  3.0
Fighting       | 4 |  4.7
Long Blades    | |  1.7

Action                   |  1- 3 |  4- 6 |  7- 9 || total
-------------------------+-------+-------+-------++-------
Melee: Long sword        |   151 |   192 |   129 ||   472
       Kick              |       |       |    50 ||    50
  Use: Scroll            |       |     5 |     1 ||     6
  Eat: Chunk             |       |     7 |     4 ||    11
Armor: Scale mail        |   100 |    87 |    54 ||   241
Dodge: Dodged            |    51 |    61 |    70 ||   182
Block: Shield            |   113 |    98 |    99 ||   310
       Rpst.: Long sword |    19 |    17 |    20 ||    56
